 Dungeon Crawl Stone Soup version 0.29-a0-334-gb41bcbb86e (webtiles) character file.

Game seed: 2074051469129915037

53 spaghetti the Thrower (level 3, 0/26 HPs)
             Began as a Gnoll Wanderer on Apr 13, 2022.
             Slain by a sky beast (1 damage)
             ... on level 3 of the Dungeon.
             The game lasted 00:03:03 (2404 turns).

spaghetti the Thrower (Gnoll Wanderer)              Turns: 2404, Time: 00:03:04

Health: 0/26       AC:  2    Str: 11    XL:     3   Next: 87%
Magic:  4/4        EV: 12    Int: 13    God:
Gold:   137        SH:  0    Dex: 11    Spells: 4/4 levels left

rFire   . . .      SeeInvis .   m - +0 short sword {short}
rCold   . . .      Faith    .   (no shield)
rNeg    . . .      Spirit   .   f - +0 robe
rPois   .          Reflect  .   (no helmet)
rElec   .          Harm     .   (no cloak)
rCorr   .          Rampage  .   (no gloves)
Will    .....                   (no boots)
Stlth   +.........              (no amulet)
HPRegen 0.08/turn               (no ring)
MPRegen 0.09/turn               (no ring)

@: no status effects
A: fangs 1, strong nose, distributed training
a: no special abilities


You were on level 3 of the Dungeon.
You visited 1 branch of the dungeon, and saw 3 of its levels.

You collected 137 gold pieces.


Innate Abilities, Weirdness & Mutations

You have very sharp teeth.
Your uncanny sense of smell can sniff out nearby items.
Your experience applies equally to all skills.


   Skills:
 + Level 1.0 Fighting
 + Level 1.0 Short Blades
 + Level 1.0 Long Blades
 + Level 1.0 Axes
 + Level 1.0 Maces & Flails
 + Level 1.0 Polearms
 + Level 1.0 Staves
 + Level 1.0 Slings
 + Level 4.6 Bows
 + Level 1.0 Crossbows
 + Level 10.4 Throwing
 + Level 1.0 Armour
 + Level 2.6 Dodging
 + Level 1.0 Stealth
 + Level 1.0 Shields
 + Level 1.0 Unarmed Combat
 + Level 1.0 Spellcasting
 + Level 0.7 Conjurations
 + Level 0.7 Hexes
 + Level 0.7 Summonings
 + Level 0.7 Necromancy
 + Level 0.7 Translocations
 + Level 0.7 Transmutations
 + Level 0.7 Fire Magic
 + Level 0.7 Ice Magic
 + Level 0.7 Air Magic
 + Level 0.7 Earth Magic
 + Level 0.7 Poison Magic
 + Level 1.0 Invocations
 + Level 4.6 Evocations


You had 4 spell levels left.
You didn't know any spells.
Your spell library contained the following spells:

 Spells                   Type           Power      Damage    Failure   Level
 Ozocubu's Armour         Ice            2%         N/A       54%         3
 Tukima's Dance           Hex            2%         N/A       54%         3
 Olgreb's Toxic Radiance  Pois           2%         N/A       91%         4
 Passage of Golubria      Tloc           2%         N/A       91%         4
 Yara's Violent Unravell  Hex/Tmut       1%         3d3       99%         5
 Ozocubu's Refrigeration  Ice            1%         4d5       100%        7
 Ignition                 Fire           1%         3d3       100%        8

Inventory:

Hand Weapons
 a - a +0 shortbow {bow}
 d - a +0 dagger {short}
 i - a +0 dagger {short}
   (You took it off a goblin on level 1 of the Dungeon)
 k - a +0 dagger {short}
   (You took it off a goblin on level 1 of the Dungeon)
 m - a +0 short sword (weapon) {short}
   (You took it off a kobold on level 1 of the Dungeon)
Missiles
 c - 12 poisoned darts {throwing}
 g - 6 javelins {throwing}
 l - 2 throwing nets {=f!fthrowing}
 n - 38 stones {throwing}
 v - 6 boomerangs (quivered) {throwing}
Armour
 f - a +0 robe (worn)
Jewellery
 w - a ring of see invisible
   (You found it on level 3 of the Dungeon)
Wands
 b - a wand of mindburst (9)
Scrolls
 e - 4 scrolls of teleportation {@r4}
 h - 2 scrolls of identify {unknown}
 j - a scroll of vulnerability {unknown}
 p - a scroll of enchant weapon {unknown}
 q - 2 scrolls of noise {unknown}
 t - a scroll of fear {unknown}
 u - a scroll of magic mapping {unknown}
Potions
 o - a potion of lignification {unknown}
 s - a potion of degeneration {unknown}

Dungeon Overview and Level Annotations

Branches:
Dungeon (3/15)

Altars:

.........#.......#
##...###.#......>#
G#...# #.#......##
##...###.##....##
..............##
..._...........##
...............#
#...###........#
#...#G#....@...#
#...###.......$#
...............#
.# ##.....†..##
#..........
#..........#
#........?.#
#..........#


There were no monsters in sight!


Message History

No target in view!
No target in view!
No target in view!
No target in view!
No target in view!
No target in view!
No target in view!
No target in view!
No target in view!
No target in view!
No target in view!
No target in view!
A hobgoblin comes into view.
Found a stone staircase leading down.
A hobgoblin is nearby!
A hobgoblin is nearby!
You throw a boomerang {throwing}.
The boomerang {throwing} hits the hobgoblin!
You kill the hobgoblin!
No target in view!
No target in view!
No target in view!
No target in view!
No target in view!
No target in view!
No target in view!
No target in view!
Found a stone staircase leading down.
w - a ring of see invisible You see here a hobgoblin corpse.
Found a faded altar of an unknown god.
The eye of devastation turns its gaze towards you.
No reachable target in view!
A sky beast comes into view.
A sky beast is nearby!
A sky beast is nearby!
You throw a boomerang {throwing}.
The boomerang {throwing} hits the sky beast.
A bat comes into view.
You throw a boomerang {throwing}.
The boomerang {throwing} hits the sky beast.
The sky beast flickers out of sight!
Deactivating autopickup; reactivate with Ctrl-A.
You throw a boomerang {throwing}. The boomerang {throwing} hits the bat!
You kill the bat!
A sky beast appears from thin air!
Reactivating autopickup.
You throw a boomerang {throwing}.
The boomerang {throwing} hits the sky beast!
You throw a boomerang {throwing}.
The boomerang {throwing} hits the sky beast.
The sky beast flickers out of sight!
Deactivating autopickup; reactivate with Ctrl-A.
No target in view!
No target in view!
No target in view!
No target in view!
No target in view!
No target in view!
No target in view!
No target in view!
No target in view!
No target in view!
No target in view!
No target in view!
No target in view!
No target in view!
No target in view!
No target in view!
No target in view!
No target in view!
No target in view!
No target in view!
No target in view!
No target in view!
No target in view!
No target in view!
No target in view!
No target in view!
No target in view!
Something hits you. Something shocks you. 😮 HP[-7]
You take 7 damage, and now have 19/26 hp.
MASSIVE DAMAGE!! (PAUSE)
You hit something. Your bite misses something. Something hits you.
Something shocks you.
* * * LOW HITPOINT WARNING * * *
😨 HP[-7]
You take 7 damage, and now have 12/26 hp.
MASSIVE DAMAGE!! (PAUSE)
You closely miss something. Something barely misses you.
You closely miss something. Your bite misses something. Something hits you.
* * * LOW HITPOINT WARNING * * *
Something shocks you.
* * * LOW HITPOINT WARNING * * *
😱 HP[-11]
You take 11 damage, and now have 1/26 hp.
MASSIVE DAMAGE!! (PAUSE) It was a potion of magic.
Magic courses through your body. Something hits you.
You die...

Skill      XL: |  1  2  3 |
---------------+----------+-----
Throwing       | | 10.4
Invocations    | 1 |  1.0
Fighting       | 1 |  1.0
Short Blades   | 1 |  1.0
Long Blades    | 1 |  1.0
Axes           | 1 |  1.0
Maces & Flails | 1 |  1.0
Polearms       | 1 |  1.0
Staves         | 1 |  1.0
Slings         | 1 |  1.0
Crossbows      | 1 |  1.0
Armour         | 1 |  1.0
Stealth        | 1 |  1.0
Shields        | 1 |  1.0
Unarmed Combat | 1 |  1.0
Spellcasting   | 1 |  1.0
Bows           | |  4.6
Dodging        | |  2.6
Conjurations   | |  0.7
Hexes          | |  0.7
Summonings     | |  0.7
Necromancy     | |  0.7
Translocations | |  0.7
Transmutations | |  0.7
Fire Magic     | |  0.7
Ice Magic      | |  0.7
Air Magic      | |  0.7
Earth Magic    | |  0.7
Poison Magic   | |  0.7
Evocations     | |  4.6

Action                   || total
-------------------------++-------
Melee: Short sword       ||    61
       Bite              ||     6
       Punch             ||     1
 Fire: Shortbow          ||     1
Throw: Dart              ||    34
       Stone             ||    48
       Boomerang         ||     8
       Javelin           ||     4
  Use: Potion            ||     1
 Stab: Sleeping          ||     1
Armor: Robe              ||     8
Dodge: Dodged            ||    38

Levels and vault maps discovered:
D:1:      dpeg_arrival_water_fire, layout_basic
D:2:      layout_loops_ring, serial_co_window_serial, co_window_corner_a,
          co_window_paths_a, co_window_corner_a, co_window_corner_a,
          co_window_paths_b, co_window_paths_c, co_window_2corner,
          co_window_broadway_a
D:3:      minmay_angry_zag, layout_rooms, hellmonk_ecumenical_altar_watching_god

Notes
Turn   | Place    | Note
-------+----------+-------------------------------------------
     0 | D:1      | Reached skill level 10 in Throwing
     0 | D:1      | spaghetti the Gnoll Wanderer began the quest for the Orb.
     0 | D:1      | spaghetti set off with the following items: a +0 shortbow
                  | {bow}, a wand of mindburst (9), 12 poisoned darts
                  | {throwing}, a +0 dagger {short}, a scroll of teleportation
                  | {@r4}, a +0 robe
     0 | D:1      | Reached XP level 1. HP: 13/13 MP: 1/1
     0 | D:1      | magus.rc [v1.9.6]
   536 | D:1      | Reached XP level 2. HP: 19/19 MP: 2/2
   540 | D:1      | You add the spells Tukima's Dance, Passage of Golubria and
                  | Yara's Violent Unravelling to your library.
  1151 | D:1      | Reached XP level 3. HP: 25/25 MP: 3/3
  1696 | D:2      | Reached skill level 1 in Invocations
  1701 | D:2      | You add the spells Ozocubu's Armour and Ozocubu's
                  | Refrigeration to your library.
  1939 | D:2      | You add the spells Olgreb's Toxic Radiance and Ignition to
                  | your library.
  2361 | D:3      | Reached skill level 1 in Fighting
  2361 | D:3      | Reached skill level 1 in Short Blades
  2361 | D:3      | Reached skill level 1 in Long Blades
  2361 | D:3      | Reached skill level 1 in Axes
  2361 | D:3      | Reached skill level 1 in Maces & Flails
  2361 | D:3      | Reached skill level 1 in Polearms
  2361 | D:3      | Reached skill level 1 in Staves
  2361 | D:3      | Reached skill level 1 in Slings
  2361 | D:3      | Reached skill level 1 in Crossbows
  2361 | D:3      | Reached skill level 1 in Armour
  2361 | D:3      | Reached skill level 1 in Stealth
  2361 | D:3      | Reached skill level 1 in Shields
  2361 | D:3      | Reached skill level 1 in Unarmed Combat
  2361 | D:3      | Reached skill level 1 in Spellcasting
  2385 | D:3      | Noticed a golden eye
  2388 | D:3      | Noticed an eye of devastation
  2390 | D:3      | Found a faded altar of an unknown god.
  2394 | D:3      | Noticed a sky beast
  2403 | D:3      | HP: 1/26 [something (6)]
  2404 | D:3      | Slain by a sky beast

Vanquished Creatures
  A worm (D:3)
  A dart slug (D:2)
  An orc (D:3)
  6 bats
  2 endoplasms (D:1)
  2 giant cockroaches
  2 goblins (D:1)
  5 hobgoblins
  3 jackals (D:1)
  6 kobolds
  4 quokkas
  A ball python (D:1)
  3 frilled lizards (D:2)
  3 rats
40 creatures vanquished.

Table legend:
 A = Non-vault XP
 B = Vault XP
 C = Vault XP percentage of total XP
 D = Non-vault monster count
 E = Vault monster count
 F = Vault count percentage of total count
                 A         B        C        D         E       F
            +---------+---------+-------+---------+---------+-------
      Total |      76 |       0 |   0.0 |      40 |       0 |   0.0
            +---------+---------+-------+---------+---------+-------
        D:1 |      34 |       0 |   0.0 |      18 |       0 |   0.0
        D:2 |      28 |       0 |   0.0 |      17 |       0 |   0.0
        D:3 |      14 |       0 |   0.0 |       5 |       0 |   0.0
            +---------+---------+-------+---------+---------+-------

Illustrated notes

Table legend:
 A = Kills in this place as a percentage of kills in entire the game.
 B = Kills by you in this place as a percentage of kills by you in the entire game.
 C = Kills by friends in this place as a percentage of kills by friends in the entire game.
 D = Other kills in this place as a percentage of other kills in the entire game.
 E = Experience gained in this place as a percentage of experience gained in the entire game.
 F = Experience gained in this place divided by the number of levels of this place that you have seen.
                   A       B       C       D       E      F
               +-------+-------+-------+-------+-------+----------------------
         Total | 100.0 | 100.0 |   N/A |   N/A | 100.0 |  25.3
       Dungeon | 100.0 | 100.0 |   N/A |   N/A | 100.0 |  25.3
               +-------+-------+-------+-------+-------+----------------------

Table legend: (Time is in decaauts)
 A = Elapsed time spent in this place.
 B = Non-inter-level travel time spent in this place.
 C = Inter-level travel time spent in this place.
 D = Time resting spent in this place.
 E = Time spent auto-exploring this place.
 F = Levels seen in this place.
 G = Mean time per level.
                   A        B        C        D        E       F      G
               +--------+--------+--------+--------+--------+-----+--------+
         Total |   2382 |   2250 |    132 |    329 |   1660 |   3 |  794.0 |
       Dungeon |   2382 |   2250 |    132 |    329 |   1660 |   3 |  794.0 |
               +--------+--------+--------+--------+--------+-----+--------+

Top non-repeatable levels by time:
     D:1: 1211 daAuts
     D:2: 973 daAuts
     D:3: 197 daAuts
